 Dungeon Crawl Stone Soup version 0.19-a0-805-g0a78ef0 (webtiles) character file.

16562 TheGoonsmith the Grappler (level 12, -7/123 HPs)
             Began as a Troll Monk on June 27, 2016.
             Was the Champion of Makhleb.
             Mangled by a troll (15 damage)
             ... on level 2 of the Orcish Mines.
             The game lasted 00:27:40 (11295 turns).

TheGoonsmith the Grappler (Troll Monk)             Turns: 11295, Time: 00:27:41

Health: -7/123     AC: 10    Str: 24    XL:     12   Next: 11%
Magic:  0/20       EV: 11    Int:  6    God:    Makhleb [******]
Gold:   1285       SH:  0    Dex: 23    Spells: 0 memorised, 11 levels left

rFire  . . .     SeeInvis .       - Unarmed
rCold  + . .     Gourm    +     z - +2 robe {rC+}
rNeg   . . .     Faith    .     (no shield)
rPois  +         Spirit   +     (helmet restricted)
rElec  .         Dismiss  .     s - +2 cloak
rCorr  .         Reflect  .     (gloves unavailable)
SustAt .         Harm     .     (boots unavailable)
MR     +....                    K - amulet of guardian spirit
Stlth  +++.......               q - ring of poison resistance
                                M - ring "Meare" {MR+ MP+9}

@: agile, somewhat resistant to hostile enchantments, fairly stealthy
A: unfitting armour, claws 3, agile 1, fast metabolism 3, gourmand, regeneration
2, shaggy fur 1, strong 1, tough skin 2
a: Minor Destruction, Lesser Servant of Makhleb, Major Destruction, Greater
Servant of Makhleb, Renounce Religion


You were on level 2 of the Orcish Mines.
You worshipped Makhleb.
Makhleb was exalted by your worship.
You were completely stuffed.

You visited 3 branches of the dungeon, and saw 13 of its levels.
You also visited: Sewer and Bailey.

You collected 1429 gold pieces.
You spent 144 gold pieces at shops.

Inventory:

Hand Weapons
 C - a +1 giant club
Missiles
 c - 47 poisoned needles
 f - 21 tomahawks of returning (quivered)
 x - 37 tomahawks
 G - 5 needles of sleeping
 Q - 257 stones
Armour
 s - a +2 cloak (worn)
 z - a +2 robe of cold resistance (worn)
 B - a +2 robe of the Archmagi
Jewellery
 q - a ring of poison resistance (right claw)
 K - an amulet of guardian spirit (around neck)
 M - the ring "Meare" (left claw) {MR+ MP+9}
   (You found it in a bailey)

   [ring of magical power]

   It affects your resistance to hostile enchantments.
   It affects your magic capacity (+9).
 P - an uncursed ring of resist corrosion
Wands
 i - a wand of digging (21/24)
 F - a wand of paralysis (11/24)
 J - a wand of flame (10/48)
 W - a wand of paralysis (6/24)
 X - a wand of iceblast (5/15)
Scrolls
 e - 3 scrolls of identify
 h - 3 scrolls of blinking
 j - 4 scrolls of amnesia
 k - 3 scrolls of remove curse
 l - 2 scrolls of random uselessness
 m - a scroll of immolation
 n - a scroll of noise
 r - a scroll of teleportation
 y - 3 scrolls of recharging
 D - 2 scrolls of enchant weapon
 U - a scroll of magic mapping
 V - a scroll of fog
 Y - a scroll of enchant armour
Potions
 g - 6 potions of degeneration
 o - a potion of ambrosia
 t - 2 potions of heal wounds
 u - 7 potions of curing
 v - 2 potions of magic
 w - a potion of haste
 A - a potion of brilliance
 H - a potion of mutation
 I - a potion of flight
 N - 2 potions of lignification
 O - 2 potions of cure mutation
 R - a potion of cancellation
Books
 S - a book of Necromancy

   Spells                             Type                      Level
   a - Pain                           Necromancy                   1
   b - Animate Skeleton               Necromancy                   1
   c - Vampiric Draining              Necromancy                   3
   d - Regeneration                   Charms/Necromancy            3
   e - Animate Dead                   Necromancy                   4
   f - Control Undead                 Necromancy                   4
 T - a book of Battle

   Spells                             Type                      Level
   a - Infusion                       Charms                       1
   b - Shroud of Golubria             Charms/Translocation         2
   c - Song of Slaying                Charms                       2
   d - Spectral Weapon                Hexes/Charms                 3
   e - Regeneration                   Charms/Necromancy            3
Comestibles
 a - 5 chunks of flesh
 b - 7 bread rations
 d - 4 meat rations
 p - 4 slices of pizza
 E - 4 fruits


   Skills:
 - Level 9.1 Fighting
 - Level 8.5 Throwing
 + Level 2.4 Dodging
 - Level 1.1 Stealth
 - Level 14.2 Unarmed Combat


You had 11 spell levels left.
You didn't know any spells.

Dungeon Overview and Level Annotations

Branches:
Dungeon (10/15)            Temple (1/1) D:4            Lair (0/6) D:8
    Orc (2/2) D:10            Elf (0/3) Orc:2

Altars:
Ashenzari
Cheibriados
Dithmenos
Fedhas
Gozag
Kikubaaqudgha
Makhleb
Nemelex Xobeh
Okawaru
Qazlal
Ru
Sif Muna
Trog
Vehumet
Xom
Zin
The Shining One
Beogh

Shops:
D:4 :!:*(   D:6 (   D:9 =   Orc:1 !   Orc:2 =


Innate Abilities, Weirdness & Mutations

You are too large for most types of armour.
You have claws for hands.
Your metabolism is lightning-fast.
You like to eat raw meat.
You heal very quickly.
You are covered in fur. (AC +1)
You have very tough skin. (AC +2)
You are agile. (Dex +2)
Your muscles are strong. (Str +2)


Message History

2 orcs, an ogre, a troll and a stone giant come into view.
The stone giant misses you.
The orc shouts!
The ogre shouts!
You scratch the stone giant but do no damage.
The stone giant completely misses you. 3 orcs, an ogre, a troll and a stone giant come into view.
The orc knight shouts!
You scratch the stone giant.
The stone giant is lightly wounded.
The stone giant hits you!!
* * * LOW HITPOINT WARNING * * *
The stone giant hits you!
* * * LOW HITPOINT WARNING * * *
There is an escape hatch in the ceiling, spattered with blood here.
The orc knight roars a battlecry!
The orcs go into a battle-frenzy!
The orc warrior hits you with a hand axe!!
* * * LOW HITPOINT WARNING * * *
The stone giant closely misses you. The troll bites you!
You die...

... ........... ...
.......#...# ...
.......#....# ..
.........o...##
...............#
..............#
...........Oo##
....$.......C.#
............o@#
.........(..T.##
.................#
.#........(......##
.............#.#.#
.............##...#
..............##.##
........##.....###
.......###......#


You could see a stone giant, an orc knight, a troll, an orc warrior, an ogre and
an orc.

Vanquished Creatures
  An orc warlord (Bailey)
  Fannar (Orc:1)
  Erica (D:8)
  The ghost of AlphabetPasta the Covert, a novice DgAs (D:10)
  An orc high priest (Orc:1)
  Pikel (D:6)
  2 orc knights
  The ghost of TheGoonsmith the Grappler, a novice NaTm (D:6)
  3 orc sorcerers (Orc:1)
  Psyche (D:8)
  Joseph (D:8)
  A gargoyle (D:9)
  A troll (D:10)
  Grinder (D:6)
  Sigmund (D:3)
  A spriggan (D:10)
  5 yaks
  A hippogriff (D:9)
  A steam dragon (D:9)
  2 hungry ghosts (D:8)
  A warg (Orc:2)
  2 ice beasts
  2 sky beasts
  A slave (D:6)
  7 ogres
  23 orc warriors
  3 phantoms
  2 crocodiles
  8 centaurs
  A big kobold (D:8)
  5 giant frogs
  3 scorpions
  9 killer bees
  2 centaur zombies
  6 crimson imps
  5 hounds
  3 jellies
  11 orc priests
  10 orc wizards
  4 giant frog skeletons
  Terence (D:3)
  Ijyb (D:2)
  4 iguanas
  7 worker ants
  12 gnolls
  5 adders
  3 worms (D:2)
  2 dart slugs
  4 giant geckos
  89 orcs
  5 ball pythons
  2 giant cockroaches
  10 goblins
  15 hobgoblins
  8 jackals
  7 quokkas
  13 bats
  17 giant newts
  21 kobolds
  11 rats
373 creatures vanquished.

Vanquished Creatures (others)
  A yak (D:10)
  A slave (D:6)
  A killer bee zombie (D:6)
  A worker ant zombie (D:6)
  A giant gecko (D:6)
  A quokka (D:6)
  A giant newt (D:6)
  A jackal skeleton (D:6)
8 creatures vanquished.

Grand Total: 381 creatures vanquished

Notes
Turn   | Place    | Note
--------------------------------------------------------------
     0 | D:1      | TheGoonsmith the Troll Monk began the quest for the Orb.
     0 | D:1      | Reached XP level 1. HP: 22/22 MP: 0/0
   207 | D:1      | Reached XP level 2. HP: 29/29 MP: 1/1
   818 | D:2      | Reached XP level 3. HP: 37/37 MP: 2/2
   871 | D:2      | Found a blossoming altar of Fedhas.
   944 | D:2      | Noticed Ijyb
   978 | D:2      | Killed Ijyb
   978 | D:2      | Reached skill level 4 in Unarmed Combat
   978 | D:2      | Reached XP level 4. HP: 45/45 MP: 3/3
  1720 | D:3      | Noticed Sigmund
  1941 | D:4      | Found Qoudenk's General Store.
  1962 | D:4      | Reached XP level 5. HP: 43/53 MP: 4/4
  2012 | D:4      | Bought a potion of heal wounds for 60 gold pieces
  2062 | D:4      | Noticed a phantom
  2111 | D:4      | Killed a phantom
  2111 | D:4      | Reached skill level 5 in Unarmed Combat
  2136 | D:4      | Reached XP level 6. HP: 24/62 MP: 5/5
  2292 | D:4      | Found Xunoush's Book Emporium.
  2349 | D:4      | Found Linoh's Weapon Boutique.
  2446 | D:4      | Found Diuruint's Book Shop.
  2469 | D:4      | Found Reghuit's Distillery.
  2478 | D:4      | Bought a potion of heal wounds for 70 gold pieces
  2478 | D:4      | Bought a potion of degeneration for 14 gold pieces
  2497 | D:4      | Found a staircase to the Ecumenical Temple.
  2499 | D:4      | Found a radiant altar of Vehumet.
  2504 | Temple   | Entered the Ecumenical Temple
  2526 | Temple   | Became a worshipper of Makhleb the Destroyer
  2526 | Temple   | Reached * piety under Makhleb
  2526 | Temple   | Reached ** piety under Makhleb
  2551 | D:4      | Found a sparkling altar of Nemelex Xobeh.
  2553 | D:4      | Found a glowing silver altar of Zin.
  2553 | D:4      | Found a glowing golden altar of the Shining One.
  2553 | D:4      | Found an ancient bone altar of Kikubaaqudgha.
  2556 | D:4      | Found a stormy altar of Qazlal.
  2558 | D:4      | Found a shadowy altar of Dithmenos.
  2824 | D:5      | Entered Level 5 of the Dungeon
  2831 | D:5      | Reached skill level 6 in Unarmed Combat
  2876 | D:5      | Found a burning altar of Makhleb.
  3005 | D:5      | Found a bloodstained altar of Trog.
  3165 | D:5      | Found a glowing drain.
  3188 | Sewer    | Entered a sewer
  3255 | Sewer    | Reached XP level 7. HP: 60/71 MP: 6/6
  3456 | D:5      | Found an iron altar of Okawaru.
  3879 | D:5      | Reached skill level 1 in Throwing
  3879 | D:5      | Reached skill level 7 in Unarmed Combat
  4098 | D:6      | Noticed Pikel
  4120 | D:6      | HP: 3/71 [slave[Pikel] (6)]
  4123 | D:6      | Killed Pikel
  4123 | D:6      | Reached skill level 5 in Fighting
  4123 | D:6      | Reached skill level 8 in Unarmed Combat
  4123 | D:6      | Reached XP level 8. HP: 50/80 MP: 7/7
  4222 | D:3      | Killed Sigmund
  4364 | D:3      | Noticed Terence
  4377 | D:3      | Killed Terence
  4666 | D:6      | Found Fousicaseu's Antique Weapon Shoppe.
  4691 | D:6      | Reached *** piety under Makhleb
  4781 | D:6      | Reached skill level 9 in Unarmed Combat
  4915 | D:6      | Noticed TheGoonsmith's ghost (novice NaTm)
  4946 | D:6      | Gained mutation: Your muscles are strong. (Str +2) [potion of beneficial mutation]
  4958 | D:6      | Killed TheGoonsmith's ghost
  4958 | D:6      | Reached XP level 9. HP: 72/89 MP: 8/8
  5152 | D:6      | Noticed Grinder
  5185 | D:6      | Killed Grinder
  5185 | D:6      | Reached skill level 10 in Unarmed Combat
  5733 | D:7      | Found a radiant altar of Vehumet.
  5743 | D:7      | Reached **** piety under Makhleb
  5832 | D:7      | Reached skill level 5 in Throwing
  6141 | D:8      | Noticed Joseph
  6153 | D:8      | Killed Joseph
  6192 | D:8      | Noticed Psyche
  6205 | D:8      | Killed Psyche
  6205 | D:8      | Reached XP level 10. HP: 99/100 MP: 9/9
  6235 | D:8      | Reached skill level 11 in Unarmed Combat
  6261 | D:8      | Found a flagged portal.
  6271 | Bailey   | Entered a bailey
  6276 | Bailey   | Noticed an orc warlord
  6393 | Bailey   | Found a runed gate.
  6396 | Bailey   | Found a runed gate.
  6398 | Bailey   | Found a runed gate.
  6553 | Bailey   | Killed an orc warlord
  6553 | Bailey   | Reached ***** piety under Makhleb
  6572 | Bailey   | Got a warped ivory ring
  6584 | Bailey   | Gained mutation: You are agile. (Dex +2) [potion of beneficial mutation]
  6597 | Bailey   | Identified the ring "Meare" {MR+ MP+9} (You found it in a bailey)
  6671 | D:8      | Noticed Erica
  6682 | D:8      | Killed Erica
  6807 | D:8      | Found a staircase to the Lair.
  6832 | D:8      | Found a shadowy altar of Dithmenos.
  6866 | D:8      | Reached skill level 12 in Unarmed Combat
  7031 | D:8      | Found an opulent altar of Gozag.
  7982 | D:9      | Reached XP level 11. HP: 80/111 MP: 10/10
  7989 | D:9      | Found Fuwuli's Jewellery Shoppe.
  8585 | D:9      | Found a sacrificial altar of Ru.
  8657 | D:10     | Entered Level 10 of the Dungeon
  8778 | D:10     | Noticed AlphabetPasta's ghost (novice DgAs)
  8793 | D:10     | Killed AlphabetPasta's ghost
  8793 | D:10     | Reached skill level 13 in Unarmed Combat
  9119 | D:10     | Reached ****** piety under Makhleb
  9736 | D:10     | Found a staircase to the Orcish Mines.
  9764 | Orc:1    | Entered Level 1 of the Orcish Mines
  9824 | Orc:1    | Noticed Fannar
 10025 | Orc:1    | Killed Fannar
 10098 | Orc:2    | Entered Level 2 of the Orcish Mines
 10103 | Orc:2    | Found a roughly hewn altar of Beogh.
 10108 | Orc:1    | Found Gotoub's Distillery.
 10298 | Orc:1    | Noticed an orc high priest
 10302 | Orc:1    | Noticed an orc knight
 10311 | Orc:1    | Killed an orc high priest
 10323 | Orc:1    | Killed an orc knight
 10468 | Orc:1    | Noticed an orc sorcerer
 10469 | Orc:1    | Killed an orc sorcerer
 10521 | Orc:1    | Noticed an orc sorcerer
 10575 | Orc:1    | Killed an orc sorcerer
 10706 | Orc:1    | Reached skill level 14 in Unarmed Combat
 10946 | Orc:1    | Noticed an orc sorcerer
 10955 | Orc:1    | Killed an orc sorcerer
 10955 | Orc:1    | Reached XP level 12. HP: 123/123 MP: 11/11
 11000 | Orc:2    | Found Sivaet's Jewellery Shoppe.
 11117 | Orc:2    | Found a staircase to the Elven Halls.
 11284 | Orc:2    | Noticed a stone giant
 11295 | Orc:2    | Mangled by a troll

Vault maps used:
D:1:      tarquinn_simple_flora_water_c, hangedman_decor_slide_cut, st_stairs_4
D:2:      marbit_many_paths, minmay_lizard_king, uniq_iyjb
D:3:      solitary_fountain, kennysheep_generic_room_9, uniq_sigmund,
          uniq_terence
D:4:      minitemple, first_bread, serial_shops, shop, nicolae_shop_stone,
          nicolae_shop_competitors_out_of_business, nicolae_shop_crystal,
          nicolae_shop_waterfront
D:5:      kennysheep_little_box, lemuel_doored_altar, portal_sewer_entry_a,
          bloody_makhleb
D:6:      serial_shops, shop, kennysheep_generic_room_2, uniq_pikel,
          uniq_grinder
D:7:      vehumet_altar_wand_db
D:8:      nicolae_gozag_cash_rules_everything_around_me, enter_bailey_8,
          grunt_dithmenos_smoke_and_mirrors, uniq_erica, uniq_joseph,
          uniq_psyche
D:9:      overflow_temple_1_default, serial_shops, nicolae_shop_crystal
D:10:     hiddenorc1_lemuel, the_bakery
Temple:   zaba_magenta_temple
Orc:1:    serial_shops, shop, special_room, uniq_fannar
Orc:2:    st_orc_elflike, basic_altar, serial_shops, shop
Sewer:    sewer_big_baddie
Bailey:   bailey_axe_bossmonster_kennysheep, bailey

Skill      XL: |  1  2  3  4  5  6  7  8  9 10 11 |
---------------+----------------------------------+-----
Fighting       | 3 4 5 6 7 9 |  9.1
Unarmed Combat | 4 5 6 8 9 10 12 14 | 14.2
Throwing       | 2 4 5 6 8 |  8.5
Dodging        | |  2.4
Stealth        | |  1.1

Action                   |  1- 3 |  4- 6 |  7- 9 | 10-12 || total
-------------------------+-------+-------+-------+-------++-------
Melee: Unarmed           |   109 |   180 |   195 |   462 ||   946
       Punch             |     1 |     4 |     9 |    28 ||    42
Throw: Stone             |       |    87 |   123 |   204 ||   414
       Tomahawk          |       |       |     5 |   162 ||   167
Evoke: Wand              |       |       |       |     1 ||     1
  Use: Potion            |     3 |       |     3 |     6 ||    12
       Scroll            |       |     1 |     4 |    22 ||    27
 Stab: Sleeping          |     5 |     1 |       |     1 ||     7
       Invisible         |       |       |     2 |     3 ||     5
       Distracted        |       |       |       |     1 ||     1
       Paralysed         |       |       |       |     1 ||     1
  Eat: Chunk             |     5 |    16 |    27 |    47 ||    95
       Bread ration      |     1 |       |     1 |     1 ||     3
       Fruit             |       |     1 |       |       ||     1
       Pizza             |       |     1 |       |       ||     1
       Royal jelly       |       |       |     1 |       ||     1
Armor: Robe              |    31 |    46 |    38 |   105 ||   220
Dodge: Dodged            |    58 |    73 |    72 |   195 ||   398
